 Dungeon Crawl Stone Soup version 0.29.0-13-gc9e81de378 (webtiles) character file.

Game seed: 5469540687422915253

53 Strat the Slasher (level 3, -2/28 HPs)
             Began as a Barachi Warper on Sept 7, 2022.
             Slain by a phantom (4 damage)
             ... on level 2 of the Dungeon.
             The game lasted 00:02:37 (1742 turns).

Strat the Slasher (Barachi Warper)                  Turns: 1742, Time: 00:02:37

Health: -2/28      AC:  3    Str: 12    XL:     3   Next: 89%
Magic:  6/6        EV: 12    Int: 13    God:
Gold:   81         SH:  0    Dex: 13    Spells: 4/6 levels left

rFire   . . .      SeeInvis .   a - +0 falchion
rCold   . . .      Faith    .   (no shield)
rNeg    . . .      Spirit   .   b - +0 leather armour
rPois   .          Reflect  .   (no helmet)
rElec   .          Harm     .   (no cloak)
rCorr   .          Rampage  .   (no gloves)
Will    .....                   (no boots)
Stlth   +.........              (no amulet)
HPRegen 0.09/turn               (no ring)
MPRegen 0.10/turn               (no ring)

@: slow
A: amphibious, slowness 1, strong legs 1, +LOS
a: Hop


You were on level 2 of the Dungeon.
You visited 1 branch of the dungeon, and saw 2 of its levels.

You collected 81 gold pieces.

Inventory:

Hand Weapons
 a - a +0 falchion (weapon)
Missiles
 d - 7 boomerangs of dispersal (quivered)
Armour
 b - a +0 leather armour (worn)
Jewellery
 e - a +6 ring of strength
Scrolls
 c - a scroll of blinking
 g - 2 scrolls of fear {unknown}
 h - a scroll of immolation {unknown}
 j - a scroll of enchant weapon {unknown}
 l - a scroll of poison {unknown}
 m - a scroll of brand weapon {unknown}
Potions
 f - a potion of attraction {unknown}
 i - a potion of degeneration {unknown}
 k - a potion of lignification {unknown}


   Skills:
 - Level 2.4 Fighting
 + Level 4.9 Long Blades
 - Level 1.0 Throwing
 - Level 1.2 Armour
 - Level 2.1 Dodging
 - Level 2.1 Spellcasting
 - Level 3.2 Translocations


You had 4 spell levels left.
You knew the following spells:

 Your Spells              Type           Power      Damage    Failure   Level
a - Blink                 Tloc           18%        N/A       12%         2

Your spell library contained the following spells:

 Spells                   Type           Power      Damage    Failure   Level
 Gell's Gravitas          Tloc           9%         N/A       24%         3
 Lesser Beckoning         Tloc           9%         N/A       24%         3
 Teleport Other           Tloc           9%         N/A       24%         3
 Manifold Assault         Tloc           9%         N/A       92%         5


Dungeon Overview and Level Annotations

Branches:
Dungeon (2/15)

Altars:
Xom


Innate Abilities, Weirdness & Mutations

You are amphibious.
You cover ground slowly.
You can hop short distances.
You have an extended range of vision and can be seen from far away.


Message History

You slash the dart slug!
You kill the dart slug!
No target in view!
No target in view!
You see here a dart slug corpse.
Found a dagger.
You now have 81 gold pieces (gained 3).
l - a scroll labelled ABACON QUAREGUNT
Found a stone staircase leading down.
There is a stone staircase leading down here.
A phantom comes into view.
There is a stone staircase leading down here.
Found a scroll labelled DAYPYULLYU.
Found a helmet.
You see here a scroll labelled DAYPYULLYU.
m - a scroll labelled DAYPYULLYU You hit the phantom but do no damage.
The phantom hits you but does no damage.
You barely miss the phantom. The phantom hits you!
The phantom blinks!
You blink.
The phantom attacks as you move away! The phantom hits you.
* * * LOW HITPOINT WARNING * * *
Unknown command.
You hit the phantom but do no damage. The phantom hits you.
* * * LOW HITPOINT WARNING * * *
The phantom blinks!
You blink.
Found a ring mail.
The phantom hits you.
* * * LOW HITPOINT WARNING * * *
The phantom hits you.
* * * LOW HITPOINT WARNING * * *
You barely miss the phantom. The phantom closely misses you.
You hit the phantom but do no damage. The phantom closely misses you.
You hit the phantom but do no damage. The phantom hits you.
* * * LOW HITPOINT WARNING * * *
You closely miss the phantom.
The phantom hits you but does no damage.
You miss the phantom.
The phantom hits you but does no damage.
You hit the phantom but do no damage. The phantom hits you.
You die...

..#...#.........W.............
#.......#...#...####.######...
#.#...#.##.##.### #.#
#.##.##.......# #.#
#......^###..## #.# #.....###
#.###### #.#
###.#######......# #+#
#.#.....#......# .
#.#.....#....W@##[.
##..................[.+
#.....................#
#.##.....#...........##
#..#.....#...........#
#..#.....#...........#
#...######....#####..# #.#..#
###### ..# #.##.## .#


You could see a phantom.

Vanquished Creatures
  3 dart slugs
  4 ball pythons (D:1)
  8 endoplasms
  A giant cockroach (D:2)
  4 hobgoblins (D:1)
  4 jackals (D:1)
  2 quokkas
  6 bats (D:1)
  3 goblins (D:1)
  A kobold (D:1)
  4 rats
40 creatures vanquished.

Notes
Turn   | Place    | Note
-------+----------+-------------------------------------------
     0 | D:1      | Strat the Barachi Warper began the quest for the Orb.
     0 | D:1      | Reached XP level 1. HP: 17/17 MP: 3/3
   117 | D:1      | Reached skill level 3 in Long Blades
   332 | D:1      | Reached XP level 2. HP: 20/23 MP: 5/5
   481 | D:1      | Learned a level 2 spell: Blink
   708 | D:1      | HP: 1/23 [bat (1)]
   709 | D:1      | Reached skill level 4 in Long Blades
  1064 | D:1      | Reached XP level 3. HP: 28/28 MP: 6/6
  1347 | D:1      | Found a faded altar of an unknown god.
  1403 | D:1      | Found a shimmering altar of Xom.
  1710 | D:2      | Noticed a phantom
  1742 | D:2      | Slain by a phantom

Illustrated notes

Levels and vault maps discovered:
D:1:      dpeg_arrival_stone_temple_mockup, layout_rooms,
          basic_ecumenical_altar, minmay_misc_feat_tiny, minmay_hexomino_r4
D:2:      minmay_chambers_of_twos, layout_basic, hangedman_decor_clover_reticule

Skill      XL: |  1  2 |
---------------+-------+-----
Long Blades    | 3 4 |  4.9
Fighting       | |  2.4
Throwing       | |  1.0
Armour         | |  1.2
Dodging        | |  2.1
Spellcasting   | |  2.1
Translocations | |  3.2

Action                   || total
-------------------------++-------
Melee: Falchion          ||   134
       Punch             ||     4
Armor: Leather armour    ||    47
Dodge: Dodged            ||   114
